Workbook

Sheet 構成図付財務分析診断表
B3: =+BSPL入力シート!B2 -> 株式会社 会計学を学ぼう！
B4: =+BSPL入力シート!B3 -> 34期 2024年4月1日～2024年3月31日
B5: =+BSPL入力シート!E2 -> 単位：千円
AZ9: 流動資産 | BB9: =+BSPL入力シート!C9 -> 1830 | BC9: 流動負債 | BE9: =+BSPL入力シート!E9 -> 1200
AZ10: 固定資産 | BB10: =+BSPL入力シート!C15 -> 2100 | BC10: 固定負債 | BE10: =+BSPL入力シート!E15 -> 1500
AZ11: 繰延資産 | BC11: 純資産 | BE11: =+BSPL入力シート!E19 -> 1230
AE16: =+BI16+BI17 -> 8000 | AZ16: 売上高 | BB16: =+BSPL入力シート!J9 -> 10000 | BC16: 売上原価 | BE16: =+BSPL入力シート!J10 -> 7000 | BF16: - | BI16: =+BE16 -> 7000 | BJ16: -
AE17: =+BSPL入力シート!J18+BSPL入力シート!J23+BSPL入力シート!J25-BSPL入力シート!J16-BSPL入力シート!J21 -> 1270 | BC17: 売上総利益 | BE17: =+BB16-BE16 -> 3000 | BF17: 販売費及び一般管理費 | BI17: =+BSPL入力シート!J12 -> 1000 | BJ17: 営業外損益等
AE18: =+BI18-AE17 -> 730 | BF18: 営業利益 | BI18: =+BE17-BI17 -> 2000 | BJ18: 当期純利益
B23: ■ 収益性 | F23: 34期 | G23: 33期 | H23: 32期 | I23: 31期 | J23: 30期
B24: 売上利益率 | D24: = 当期純利益 ÷ 売 上 高 | F24: =BSPL入力シート!J26/BSPL入力シート!J9 -> 0.073
B25: ROA | D25: = 当期純利益 ÷ 総 資 産 | F25: =F24*F35 -> 0.18575064
B26: ROE | D26: = 当期純利益 ÷ 自己資本 | F26: =F25*F27 -> 0.59349593
B27: 財務レバレッジ | D27: = 総 資 本 ÷ 自己資本 | F27: =BSPL入力シート!E24/BSPL入力シート!E19 -> 3.195122
B28: ■ 安全性
B29: 流動比率 | D29: = 流動資産 ÷ 流動負債 | F29: =BSPL入力シート!C9/BSPL入力シート!E9 -> 1.525
B30: 当座比率 | D30: = 当座資産 ÷ 流動負債 | F30: =(BSPL入力シート!C10+BSPL入力シート!C11+BSPL入力シート!C13)/BSPL入力シート!E9 -> 1.4333333
B31: 固定比率 | D31: = 固定資産 ÷ 自己資本 | F31: =(BSPL入力シート!C24-BSPL入力シート!C9)/BSPL入力シート!E19 -> 1.7073171
B32: 固定長期適合率 | D32: = 固定資産 ÷（自己資本 ＋ 固定負債） | F32: =(BSPL入力シート!C24-BSPL入力シート!C9)/(BSPL入力シート!E19+BSPL入力シート!E15) -> 0.76923077
B33: 自己資本比率 | D33: = 自己資本 ÷ 総 資 本 | F33: =BSPL入力シート!E19/BSPL入力シート!E24 -> 0.3129771
B34: ■ 回転率・回転期間
B35: 資産回転率 | D35: = 売 上 高 ÷ 総 資 産 | F35: =BSPL入力シート!J9/BSPL入力シート!C24 -> 2.5445293
B36: 売掛金回転率 | D36: = 売 上 高 ÷ 売 掛 金 | F36: =BSPL入力シート!J9/BSPL入力シート!C11 -> 50
B37: 棚卸資産回転率 | D37: = 売上原価 ÷ 棚卸資産 | F37: =BSPL入力シート!J10/BSPL入力シート!C12 -> 70
B38: 買掛金回転率 | D38: = 売上原価 ÷ 買 掛 金 | F38: =BSPL入力シート!J10/BSPL入力シート!E11 -> 23.333333
B39: 売掛金回転期間 | D39: = 売 掛 金 ÷（売 上 高 ÷ 365） | F39: =(BSPL入力シート!C11/(BSPL入力シート!J9/365)) -> 7.3
B40: 棚卸資産回転期間 | D40: = 棚卸資産 ÷（売上原価 ÷ 365） | F40: =(BSPL入力シート!C12/(BSPL入力シート!J10/365)) -> 5.2142857
B41: 買掛金回転期間 | D41: = 棚卸資産 ÷（売上原価 ÷ 365） | F41: =(BSPL入力シート!E11/(BSPL入力シート!J10/365)) -> 15.642857
B42: ■ 利益率
B43: 売上総利益率 | D43: = 売上総利益 ÷ 売 上 高 | F43: =BSPL入力シート!J11/BSPL入力シート!J9 -> 0.3
B44: 営業利益率 | D44: = 営 業 利益 ÷ 売 上 高 | F44: =BSPL入力シート!J13/BSPL入力シート!J9 -> 0.2
B45: 経常利益率 | D45: = 経 常 利益 ÷ 売 上 高 | F45: =BSPL入力シート!J19/BSPL入力シート!J9 -> 0.152
B47: ■ 損益分岐点分析
B48: 変動費率 | D48: = 売上原価 ÷ 売 上 高 | F48: =BSPL入力シート!J10/BSPL入力シート!J9 -> 0.7
B49: 固定費 | D49: = 販 管 費 ± 営業外損益 | F49: =BSPL入力シート!J12+BSPL入力シート!J18-BSPL入力シート!J16 -> 1480
B50: 損益分岐点売上高 | D50: = 固 定 費 ÷（1-変動比率） | F50: =F49/(1-F48) -> 4933.3333

Sheet 構成図付財務分析診断表 (主要指標のみ)
B3: =+BSPL入力シート!B2 -> 株式会社 会計学を学ぼう！
B4: =+BSPL入力シート!B3 -> 34期 2024年4月1日～2024年3月31日
B5: =+BSPL入力シート!E2 -> 単位：千円
AZ9: 流動資産 | BB9: =+BSPL入力シート!C9 -> 1830 | BC9: 流動負債 | BE9: =+BSPL入力シート!E9 -> 1200
AZ10: 固定資産 | BB10: =+BSPL入力シート!C15 -> 2100 | BC10: 固定負債 | BE10: =+BSPL入力シート!E15 -> 1500
AZ11: 繰延資産 | BC11: 純資産 | BE11: =+BSPL入力シート!E19 -> 1230
AE16: =+BI16+BI17 -> 8000 | AZ16: 売上高 | BB16: =+BSPL入力シート!J9 -> 10000 | BC16: 売上原価 | BE16: =+BSPL入力シート!J10 -> 7000 | BF16: - | BI16: =+BE16 -> 7000 | BJ16: -
AE17: =+BSPL入力シート!J18+BSPL入力シート!J23+BSPL入力シート!J25-BSPL入力シート!J16-BSPL入力シート!J21 -> 1270 | BC17: 売上総利益 | BE17: =+BB16-BE16 -> 3000 | BF17: 販売費及び一般管理費 | BI17: =+BSPL入力シート!J12 -> 1000 | BJ17: 営業外損益等
AE18: =+BI18-AE17 -> 730 | BF18: 営業利益 | BI18: =+BE17-BI17 -> 2000 | BJ18: 当期純利益
B28: ■ 収益性 | F28: 34期 | G28: 33期 | H28: 32期 | I28: 31期 | J28: 30期
B29: 売上利益率 | D29: = 当期純利益 ÷ 売 上 高 | F29: =BSPL入力シート!J26/BSPL入力シート!J9 -> 0.073
B30: ROA | D30: = 当期純利益 ÷ 総 資 産 | F30: =F29*F40 -> 0.18575064
B31: ROE | D31: = 当期純利益 ÷ 自己資本 | F31: =F30*F32 -> 0.59349593
B32: 財務レバレッジ | D32: = 総 資 本 ÷ 自己資本 | F32: =BSPL入力シート!E24/BSPL入力シート!E19 -> 3.195122
B33: ■ 安全性
B34: 流動比率 | D34: = 流動資産 ÷ 流動負債 | F34: =BSPL入力シート!C9/BSPL入力シート!E9 -> 1.525
B35: 当座比率 | D35: = 当座資産 ÷ 流動負債 | F35: =(BSPL入力シート!C10+BSPL入力シート!C11+BSPL入力シート!C13)/BSPL入力シート!E9 -> 1.4333333
B36: 固定比率 | D36: = 固定資産 ÷ 自己資本 | F36: =(BSPL入力シート!C24-BSPL入力シート!C9)/BSPL入力シート!E19 -> 1.7073171
B37: 固定長期適合率 | D37: = 固定資産 ÷（自己資本 ＋ 固定負債） | F37: =(BSPL入力シート!C24-BSPL入力シート!C9)/(BSPL入力シート!E19+BSPL入力シート!E15) -> 0.76923077
B38: 自己資本比率 | D38: = 自己資本 ÷ 総 資 本 | F38: =BSPL入力シート!E19/BSPL入力シート!E24 -> 0.3129771
B39: ■ 回転率・回転期間
B40: 資産回転率 | D40: = 売 上 高 ÷ 総 資 産 | F40: =BSPL入力シート!J9/BSPL入力シート!C24 -> 2.5445293
B41: 売掛金回転率 | D41: = 売 上 高 ÷ 売 掛 金 | F41: =BSPL入力シート!J9/BSPL入力シート!C11 -> 50
B42: ■ 利益率
B43: 売上総利益率 | D43: = 売上総利益 ÷ 売 上 高 | F43: =BSPL入力シート!J11/BSPL入力シート!J9 -> 0.3
B44: 営業利益率 | D44: = 営 業 利益 ÷ 売 上 高 | F44: =BSPL入力シート!J13/BSPL入力シート!J9 -> 0.2
B45: 経常利益率 | D45: = 経 常 利益 ÷ 売 上 高 | F45: =BSPL入力シート!J19/BSPL入力シート!J9 -> 0.152

Sheet BSPL入力シート
B2: 株式会社 会計学を学ぼう！ | E2: 単位：千円 | G2: =+B2 -> 株式会社 会計学を学ぼう！ | J2: =+E2 -> 単位：千円
B3: 34期 2024年4月1日～2024年3月31日 | G3: =+B3 -> 34期 2024年4月1日～2024年3月31日
B6: 貸 借 対 照 表 | G6: 損 益 計 算 書
B8: 資産の部 | D8: 負債の部 | G8: 科目 | I8: 金額
B9: 流動資産 | C9: =SUM(C10:C14) -> 1830 | D9: 流動負債 | E9: =SUM(E10:E14) -> 1200 | G9: 売上高 | J9: 10000
B10: 現金及び預金 | C10: 1500 | D10: 支払手形 | E10: 600 | G10: 売上原価 | J10: 7000
B11: 売掛金 | C11: 200 | D11: 買掛金 | E11: 300 | G11: 売上総利益 | J11: =J9-J10 -> 3000
B12: 商品 | C12: 100 | D12: 短期借入金 | E12: 100 | G12: 販売費及び一般管理費 | J12: 1000
B13: 有価証券 | C13: 20 | D13: 未払金 | E13: 100 | G13: 営業利益 | J13: =J11-J12 -> 2000
B14: 未収金 | C14: 10 | D14: 未払法人税等 | E14: 100 | G14: 営業外収益
B15: 固定資産 | C15: =C16+C19+C21 -> 2100 | D15: 固定負債 | E15: =SUM(E16:E17) -> 1500 | G15: 受取利息 | I15: 10
B16: 有形固定資産 | C16: =SUM(C17:C18) -> 1300 | D16: 社債 | E16: 1000 | G16: 雑収入 | I16: 10 | J16: =SUM(I15:I16) -> 20
B17: 建物付属設備 | C17: 1000 | D17: 長期借入金 | E17: 500 | G17: 営業外費用
B18: 工具器具備品 | C18: 300 | D18: 純資産の部 | G18: 支払利息 | I18: 500 | J18: =SUM(I18) -> 500
B19: 無形固定資産 | C19: =SUM(C20) -> 200 | D19: 株主資本 | E19: =+C24-E9-E15 -> 1230 | G19: 経常利益 | J19: =J13+J16-J18 -> 1520
B20: ソフトウェア | C20: 200 | D20: 資本金 | E20: 1500 | G20: 特別利益
B21: 投資その他の資産 | C21: =SUM(C22:C23) -> 600 | D21: 資本剰余金 | E21: 100 | G21: 貸倒引当金戻入 | I21: 10 | J21: =SUM(I21) -> 10
B22: 投資有価証券 | C22: 300 | D22: 利益剰余金 | E22: =+E19-E20-E21 -> -370 | G22: 特別損失
B23: 関係会社株式 | C23: 300 | G23: 固定資産売却損 | I23: 10 | J23: =SUM(I23) -> 10
B24: 資産の部合計 | C24: =C9+C15 -> 3930 | D24: 負債・純資産の部合計 | E24: =E9+E15+E19 -> 3930 | G24: 税引前当期純利益 | J24: =J19+J21-J23 -> 1520
G25: 法人税及び住民税等 | J25: 300
G26: 当期純利益 | J26: =J24-J25 -> 1220

Sheet BSPL印刷用
B2: =+BSPL入力シート!B2 -> 株式会社 会計学を学ぼう！ | E2: =+BSPL入力シート!E2 -> 単位：千円 | G2: =+B2 -> 株式会社 会計学を学ぼう！ | J2: =+E2 -> 単位：千円
B3: =+BSPL入力シート!B3 -> 34期 2024年4月1日～2024年3月31日 | G3: =+B3 -> 34期 2024年4月1日～2024年3月31日
B6: 貸 借 対 照 表 | G6: 損 益 計 算 書
B8: 資産の部 | D8: 負債の部 | G8: 科目 | I8: 金額
B9: 流動資産 | C9: =+BSPL入力シート!C9 -> 1830 | D9: 流動負債 | E9: =+BSPL入力シート!E9 -> 1200 | G9: 売上高 | J9: =+BSPL入力シート!J9 -> 10000
B10: 現金及び預金 | C10: =+BSPL入力シート!C10 -> 1500 | D10: 支払手形 | E10: =+BSPL入力シート!E10 -> 600 | G10: 売上原価 | J10: =+BSPL入力シート!J10 -> 7000
B11: 売掛金 | C11: =+BSPL入力シート!C11 -> 200 | D11: 買掛金 | E11: =+BSPL入力シート!E11 -> 300 | G11: 売上総利益 | J11: =+BSPL入力シート!J11 -> 3000
B12: 商品 | C12: =+BSPL入力シート!C12 -> 100 | D12: 短期借入金 | E12: =+BSPL入力シート!E12 -> 100 | G12: 販売費及び一般管理費 | J12: =+BSPL入力シート!J12 -> 1000
B13: 有価証券 | C13: =+BSPL入力シート!C13 -> 20 | D13: 未払金 | E13: =+BSPL入力シート!E13 -> 100 | G13: 営業利益 | J13: =+BSPL入力シート!J13 -> 2000
B14: 未収金 | C14: =+BSPL入力シート!C14 -> 10 | D14: 未払法人税等 | E14: =+BSPL入力シート!E14 -> 100 | G14: 営業外収益
B15: 固定資産 | C15: =+BSPL入力シート!C15 -> 2100 | D15: 固定負債 | E15: =+BSPL入力シート!E15 -> 1500 | G15: 受取利息 | I15: =+BSPL入力シート!I15 -> 10
B16: 有形固定資産 | C16: =+BSPL入力シート!C16 -> 1300 | D16: 社債 | E16: =+BSPL入力シート!E16 -> 1000 | G16: 雑収入 | I16: =+BSPL入力シート!I16 -> 10 | J16: =+BSPL入力シート!J16 -> 20
B17: 建物付属設備 | C17: =+BSPL入力シート!C17 -> 1000 | D17: 長期借入金 | E17: =+BSPL入力シート!E17 -> 500 | G17: 営業外費用
B18: 工具器具備品 | C18: =+BSPL入力シート!C18 -> 300 | D18: 純資産の部 | G18: 支払利息 | I18: =+BSPL入力シート!I18 -> 500 | J18: =+BSPL入力シート!J18 -> 500
B19: 無形固定資産 | C19: =+BSPL入力シート!C19 -> 200 | D19: 株主資本 | E19: =+BSPL入力シート!E19 -> 1230 | G19: 経常利益 | J19: =+BSPL入力シート!J19 -> 1520
B20: ソフトウェア | C20: =+BSPL入力シート!C20 -> 200 | D20: 資本金 | E20: =+BSPL入力シート!E20 -> 1500 | G20: 特別利益
B21: 投資その他の資産 | C21: =+BSPL入力シート!C21 -> 600 | D21: 資本剰余金 | E21: =+BSPL入力シート!E21 -> 100 | G21: 貸倒引当金戻入 | I21: =+BSPL入力シート!I21 -> 10 | J21: =+BSPL入力シート!J21 -> 10
B22: 投資有価証券 | C22: =+BSPL入力シート!C22 -> 300 | D22: 利益剰余金 | E22: =+BSPL入力シート!E22 -> -370 | G22: 特別損失
B23: 関係会社株式 | C23: =+BSPL入力シート!C23 -> 300 | E23: =+BSPL入力シート!E23 -> 0 | G23: 固定資産売却損 | I23: =+BSPL入力シート!I23 -> 10 | J23: =+BSPL入力シート!J23 -> 10
B24: 資産の部合計 | C24: =+BSPL入力シート!C24 -> 3930 | D24: 負債・純資産の部合計 | E24: =+BSPL入力シート!E24 -> 3930 | G24: 税引前当期純利益 | J24: =+BSPL入力シート!J24 -> 1030
G25: 法人税及び住民税等 | J25: =+BSPL入力シート!J25 -> 300
G26: 当期純利益 | J26: =+BSPL入力シート!J26 -> 730
